 Dungeon Crawl Stone Soup version 0.23-a0-329-g6f3f904 (webtiles) character file.

567 galech the Chopper (level 7, 0/82 HPs)
             Began as a Demonspawn Fighter on Oct 16, 2018.
             Succumbed to Dowan's poison
             ... on level 4 of the Dungeon.
             The game lasted 00:03:35 (2612 turns).

galech the Chopper (Demonspawn Fighter)             Turns: 2612, Time: 00:03:35

Health: 0/82       AC: 23    Str: 20    XL:     7   Next: 11%
Magic:  11/16      EV:  2    Int:  9    God:
Gold:   130        SH:  9    Dex: 14    Spells: 6/6 levels left

rFire    . . .     SeeInvis .   q - +3 hand axe
rCold    . . .     Gourm    .   c - +0 shield
rNeg     + + +     Faith    .   (armour currently unavailable)
rPois    +         Spirit   +   (helmet currently unavailable)
rElec    .         Reflect  .   (cloak currently unavailable)
rCorr    .         Harm     .   (gloves currently unavailable)
MR       .....     NoTele   +   (boots currently unavailable)
Stlth    +.........             p - amulet of guardian spirit
HPRegen  0.23/turn              i - ring of magical power
MPRegen  0.15/turn              o - +3 ring of strength

@: lethally poisoned (0 -> -21), tree-form
A: rot immunity
a: no special abilities


You were on level 4 of the Dungeon.
You were not hungry.
You were a tree.
You visited 1 branch of the dungeon, and saw 4 of its levels.

You collected 130 gold pieces.

Inventory:

Hand Weapons
 q - a +3 hand axe (weapon)
Armour
 c - a +0 shield (worn)
 e - a +0 cloak (melded)
 l - a +0 plate armour (melded)
Jewellery
 i - a ring of magical power (left branch)
 o - a +3 ring of strength (right branch)
 p - an amulet of guardian spirit (around neck)
Scrolls
 h - 2 scrolls of identify
 j - 5 scrolls of teleportation
 k - 2 scrolls of remove curse
 m - a scroll of fog
Potions
 d - 2 potions of might
 n - 2 potions of flight
Comestibles
 a - 2 chunks of flesh
 f - 4 rations


   Skills:
 + Level 4.3 Fighting
 + Level 5.0 Axes
 + Level 3.5 Armour
 + Level 0.8 Dodging
 + Level 4.0 Shields


You had 6 spell levels left.
You didn't know any spells.
Your spell library was empty.

Dungeon Overview and Level Annotations

Branches:
Dungeon (4/15)
 Temple: D:4-7

Altars:
Ashenzari
Dithmenos
Elyvilon
Hepliaklqana
Nemelex Xobeh
Qazlal
Ru
Sif Muna


Innate Abilities, Weirdness & Mutations

((You are mostly covered in slimy green scales. (AC +3)))
You are immune to rotting.


Message History

The shard of ice hits you!
* * * LOW HITPOINT WARNING * * *
You hit Dowan.
You kill Dowan!
Your Axes skill increases to level 5!
You have reached level 7!
* * * LOW HITPOINT WARNING * * *
You feel very sick.
Okay, then.
There is a lethal amount of poison in your body!
There is a lethal amount of poison in your body!
* * * LOW HITPOINT WARNING * * *
You feel very sick.
* * * LOW HITPOINT WARNING * * *
You feel sick.
* * * LOW HITPOINT WARNING * * *
You feel very sick.
* * * LOW HITPOINT WARNING * * *
You feel sick.
You die...

#.#.## . ##..# .#
##.# ..#
#.################..
##.##....eae.(...#.#
##...#.#########.?.##
#.>....# #....##
......e# ##.#...#
.......######
#.♣..###
.........e..##.)...##
....#######a#.......#
##..# #....?....# ##.
#.#.......# ..
#.##....!##
#........#
#.......... #..
####.##


There were no monsters in sight!

Vanquished Creatures
  Sigmund (D:2)
  Duvessa (D:4)
  An ogre (D:4)
  Dowan (D:4)
  A hound (D:3)
  A worker ant (D:3)
  4 adders
  An ooze (D:4)
  A dart slug (D:2)
  A leopard gecko (D:4)
  4 orcs
  2 ball pythons
  3 giant cockroaches
  5 goblins
  6 hobgoblins
  2 jackals (D:1)
  12 kobolds
  A quokka (D:2)
  3 bats
  6 frilled lizards
  9 rats
  2 plants (D:2)
68 creatures vanquished.

Notes
Turn   | Place    | Note
-------+----------+-------------------------------------------
     0 | D:1      | galech the Demonspawn Fighter began the quest for the Orb.
     0 | D:1      | Reached XP level 1. HP: 18/18 MP: 1/1
    23 | D:1      | Reached skill level 2 in Axes
    25 | D:1      | Gained mutation: You are partially covered in slimy green
                  | scales. (AC +2) [demonic ancestry]
    25 | D:1      | Reached XP level 2. HP: 22/24 MP: 2/2
   449 | D:2      | Found a shadowy altar of Dithmenos.
   524 | D:2      | Found a sacrificial altar of Ru.
   572 | D:2      | Gained mutation: You are immune to rotting. [demonic
                  | ancestry]
   572 | D:2      | Reached XP level 3. HP: 26/29 MP: 3/3
   679 | D:2      | Noticed Sigmund
   688 | D:2      | Killed Sigmund
   688 | D:2      | Reached skill level 3 in Axes
   688 | D:2      | Reached XP level 4. HP: 25/35 MP: 4/4
   688 | D:2      | Reached XP level 5. HP: 30/41 MP: 5/5
  1979 | D:4      | Reached skill level 4 in Axes
  2019 | D:4      | Noticed an ogre
  2032 | D:4      | Killed an ogre
  2032 | D:4      | Gained mutation: You are mostly covered in slimy green
                  | scales. (AC +3) [demonic ancestry]
  2032 | D:4      | Reached XP level 6. HP: 15/48 MP: 4/6
  2035 | D:4      | Found a stormy altar of Qazlal.
  2244 | D:4      | Found a shattered altar of Ashenzari.
  2245 | D:4      | Found a deep blue altar of Sif Muna.
  2251 | D:4      | Found a sparkling altar of Nemelex Xobeh.
  2254 | D:4      | Found a hazy altar of Hepliaklqana.
  2256 | D:4      | Found a white marble altar of Elyvilon.
  2426 | D:4      | Noticed Duvessa
  2426 | D:4      | Noticed Dowan
  2598 | D:4      | Killed Duvessa
  2607 | D:4      | Killed Dowan
  2607 | D:4      | Reached skill level 5 in Axes
  2607 | D:4      | Reached XP level 7. HP: 14/55 MP: 7/7
  2610 | D:4      | HP: 4/82 [poisoned by Dowan]
  2612 | D:4      | Succumbed to Dowan's poison

Vault maps used:
D:1:      saegor_arrival_simple_a
D:2:      grunt_dithmenos_smoke_and_mirrors, nicolae_ru_awakened_eye,
          first_ration, lexackson_kobold_supper, uniq_sigmund
D:4:      lemuel_coloured_pillars_altar, tgw_trog, minitemple, serial_shops,
          kennysheep_little_box, uniq_duvessa

Skill      XL: |  1  2  3  4  5  6 |
---------------+-------------------+-----
Axes           | 2 3 4 5 |  5.0
Shields        | 3 4 |  4.0
Armour         | 3 |  3.5
Fighting       | 4 |  4.3
Dodging        | |  0.8

Action                   |  1- 3 |  4- 6 |  7- 9 || total
-------------------------+-------+-------+-------++-------
Melee: War axe           |    91 |    61 |       ||   152
       Hand axe          |       |    78 |       ||    78
  Use: Scroll            |       |     5 |       ||     5
       Potion            |       |     1 |       ||     1
  Eat: Chunk             |       |     6 |       ||     6
Armor: Scale mail        |    17 |       |       ||    17
       Plate armour      |    49 |    99 |       ||   148
       Skin              |       |     1 |       ||     1
Dodge: Dodged            |    20 |    19 |       ||    39
Block: Shield            |    56 |    71 |       ||   127

Table legend:
 A = Non-vault XP
 B = Vault XP
 C = Vault XP percentage of total XP
 D = Non-vault monster count
 E = Vault monster count
 F = Vault count percentage of total count
                 A         B        C        D         E       F
            +---------+---------+-------+---------+---------+-------
      Total |     334 |     477 |  58.8 |      55 |      11 |  16.7
            +---------+---------+-------+---------+---------+-------
        D:1 |      24 |       0 |   0.0 |      14 |       0 |   0.0
        D:2 |      34 |     243 |  87.7 |      13 |       9 |  40.9
        D:3 |     102 |       0 |   0.0 |      17 |       0 |   0.0
        D:4 |     174 |     234 |  57.4 |      11 |       2 |  15.4
            +---------+---------+-------+---------+---------+-------
